 Dungeon Crawl Stone Soup version 0.30-a0-739-gea05faddec (webtiles) character file.

Game seed: 15106243016857585704

20848 cforsyth the Destroyer (level 12, -3/71 HPs)
             Began as a Tengu Fire Elementalist on Feb 4, 2023.
             Was a High Priest of Vehumet.
             Slain by a catoblepas (10 damage)
             ... while petrified by a catoblepas
             ... in a Gauntlet.
             The game lasted 00:46:14 (21747 turns).

cforsyth the Destroyer (Tengu Fire Elementalist)   Turns: 21747, Time: 00:46:14

Health: -3/71      AC: 13    Str:  9    XL:     12   Next: 83%
Magic:  27/37      EV:  2    Int: 26    God:    Vehumet [*****.]
Gold:   721        SH:  0    Dex: 15    Spells: 21/33 levels left

rFire   . . .      SeeInvis +    (no weapon)
rCold   . . .      Faith    .    O - +2 buckler {AC+3}
rNeg    + + +      Spirit   .    v - +2 robe
rPois   ∞          Reflect  .    (helmet restricted)
rElec   .          Harm     .    K - +2 cloak of the Thief {*Fog Slay-2 SInv Stlth+}
rCorr   .          Rampage  .    C - +2 pair of gloves
Will    .....      NoTele   +    (boots unavailable)
Stlth   +++                      (no amulet)
HPRegen 0.31/turn                P - +6 ring of intelligence
MPRegen 0.25/turn                D - ring of magical power

@: petrified, flying quickly and evasively, hasted, quick
A: beak, talons 3, nimble flight
a: Renounce Religion


You were in a Gauntlet.
You worshipped Vehumet.
Vehumet was extremely pleased with you.
You visited 3 branches of the dungeon, and saw 15 of its levels.
You also visited: Bailey and Gauntlet.

You collected 923 gold pieces.
You spent 202 gold pieces at shops.

Inventory:

Hand Weapons
 L - the +5 spear "Suisua" {speed, rElec rF- rC+ rN+}
   (You found it on level 8 of the Dungeon)

   rF:        It makes you vulnerable to fire.
   rC:        It protects you from cold.
   rElec:     It insulates you from electricity.
   rN:        It protects you from negative energy.
Missiles
 y - a throwing net
Armour
 v - a +2 robe (worn)
 C - a +2 pair of gloves (worn)
 K - the +2 cloak of the Thief (worn) {*Fog Slay-2 SInv Stlth+}
   (You found it in a bailey)

   *Fog:      It may release a thick cloud of smoke when the wearer is hurt.
   Slay:      It affects your accuracy & damage with ranged weapons and melee
   (-2).
   SInv:      It lets you see invisible.
   Stlth:     It makes you more stealthy.
 O - a +2 buckler of protection (worn)
Jewellery
 h - a ring of poison resistance
 i - a +6 ring of dexterity
 p - a +6 ring of strength
 D - a ring of magical power (right hand)
 P - a +6 ring of intelligence (left hand)
 R - a ring of wizardry
 S - a +6 ring of intelligence
 T - the ring "Ginibuj" {rPois rN+++ rCorr Int-2 Dex+2}
   (You found it in a Gauntlet)

   [ring of resist corrosion]

   Int:       It affects your intelligence (-2).
   Dex:       It affects your dexterity (+2).
   rPois:     It protects you from poison.
   rN:        It renders you almost immune to negative energy.
   rCorr:     It protects you from acid and corrosion.
Wands
 r - a wand of paralysis (12)
 u - a wand of polymorph (24)
 x - a wand of acid (4)
 A - a wand of flame (29)
 B - a wand of roots (10)
Scrolls
 a - 2 scrolls of blinking
 d - 4 scrolls of enchant weapon
 e - 11 scrolls of teleportation
 g - 2 scrolls of poison
 j - 5 scrolls of fear
 l - a scroll of amnesia
 n - a scroll of immolation
 s - 4 scrolls of enchant armour
 t - a scroll of magic mapping
 E - 5 scrolls of fog
 F - 3 scrolls of identify
 J - a scroll of acquirement
 M - 2 scrolls of vulnerability
 Q - a scroll of brand weapon {unknown}
Potions
 b - a potion of magic
 c - 7 potions of curing
 f - 4 potions of might
 k - 5 potions of attraction
 m - 3 potions of heal wounds
 o - 4 potions of flight
 q - a potion of resistance
 w - 2 potions of lignification
 z - 3 potions of berserk rage
 G - 4 potions of mutation
 H - a potion of ambrosia
 I - a potion of haste
 N - a potion of brilliance {unknown}


   Skills:
 - Level 6.7 Fighting
 - Level 11.0 Dodging
 - Level 2.0 Stealth
 + Level 11.0 Spellcasting
 - Level 11.4 Conjurations
 - Level 10.1 Fire Magic
 + Level 4.6 Air Magic


You had 21 spell levels left.
You knew the following spells:

 Your Spells              Type           Power      Damage    Failure   Level
a - Foxfire               Conj/Fire      100%       2x1d9     1%          1
b - Scorch                Fire           100%       2d10      1%          2
c - Iskenderun's Mystic   Conj/Tloc      44%        2d10      1%          4
d - Lightning Bolt        Conj/Air       27%        1d43      1%          5

Your spell library contained the following spells:

 Spells                   Type           Power      Damage    Failure   Level
 Dazzling Flash           Conj/Hex       88%        N/A       1%          3
 Hailstorm                Conj/Ice       44%        3d10      1%          3
 Inner Flame              Hex/Fire       40%        N/A       1%          3
 Kindle Blastsparks       Fire/Tloc/Air  80%        2d16      1%          3
 Flame Wave               Conj/Fire      63%        2d15      1%          4
 Starburst                Conj/Fire      31%        6d10      3%          6
 Frozen Ramparts          Ice            28%        1d5       4%          3
 Apportation              Tloc           28%        N/A       5%          1
 Necrotise                Necr           56%        1d6       5%          1
 Summon Small Mammal      Summ           56%        N/A       5%          1
 Ensorcelled Hibernation  Hex/Ice        28%        N/A       9%          2
 Sublimation of Blood     Necr           14%        N/A       9%          2
 Wereblood                Tmut           14%        N/A       9%          2
 Spider Form              Tmut/Pois      14%        N/A       17%         3
 Anguish                  Hex/Necr       7%         N/A       50%         4
 Ice Form                 Ice/Tmut       14%        N/A       50%         4
 Manifold Assault         Tloc           14%        N/A       50%         4
 Petrify                  Tmut/Erth      14%        N/A       50%         4
 Summon Ice Beast         Ice/Summ       14%        N/A       50%         4
 Metabolic Englaciation   Hex/Ice        7%         N/A       83%         5
 Dispersal                Tloc           7%         N/A       100%        6
 Simulacrum               Ice/Necr       7%         N/A       100%        6
 Statue Form              Tmut/Erth      9%         N/A       100%        6
 Summon Hydra             Summ           7%         N/A       100%        7
 Disjunction              Tloc           7%         N/A       100%        8


Dungeon Overview and Level Annotations

Branches:
Dungeon (12/15)            Temple (1/1) D:4            Lair (2/5) D:8
  Swamp (0/4) Lair:2       Spider (0/4) Lair:2          Orc (0/2) D:10
 Bailey (visited)         Gauntlet (1/1)

Altars:
Ashenzari
Cheibriados
Elyvilon
Hepliaklqana
Kikubaaqudgha
Makhleb
Nemelex Xobeh
Okawaru
Qazlal
Ru
Sif Muna
Trog
Vehumet
Wu Jian
Yredelemnul
Zin
The Shining One

Shops:
D:1 :   D:2 (   D:5 [   D:6 ?

Annotations:
D:1 2 transporters Gauntlet 8 transporters


Innate Abilities, Weirdness & Mutations

You have a beak for a mouth.
You have claws for feet.
Your magical nature lets you fly swiftly and evasively.


Message History

Unknown command.
Unknown command.
Casting: Scorch (safe; 1% risk of failure)
Confirm with . or Enter, or press ? or * to list all spells.
Flames lash the catoblepas.
The catoblepas is burned terribly!
The catoblepas is severely wounded.
The catoblepas breathes in.
The catoblepas gores you!!
* * * LOW HITPOINT WARNING * * *
Unknown command.
Unknown command.
Unknown command.
Okay, then.
Unknown command.
Casting: Scorch (safe; 1% risk of failure)
Confirm with . or Enter, or press ? or * to list all spells.
Flames lash the catoblepas.
The catoblepas is burned terribly!
The catoblepas is severely wounded.
The catoblepas breathes a plume of calcifying dust at you.
The blast of calcifying dust hits you.
* * * LOW HITPOINT WARNING * * *
You have turned to stone.
You are engulfed in calcifying dust.
The catoblepas gores you but does no damage.
You are engulfed in calcifying dust.
The catoblepas breathes a plume of calcifying dust at you.
The blast of calcifying dust hits you.
You are engulfed in calcifying dust.
The catoblepas breathes a plume of calcifying dust at you.
The blast of calcifying dust hits you.
You are engulfed in calcifying dust.
The catoblepas gores you.
* * * LOW HITPOINT WARNING * * *
You are engulfed in calcifying dust.
The catoblepas gores you!!
* * * LOW HITPOINT WARNING * * *
With a swish of your cloak, you release a cloud of fog.
The catoblepas gores you but does no damage.
The catoblepas gores you.
* * * LOW HITPOINT WARNING * * *
The catoblepas gores you!!
You die...

©#..#########..#########..#######
.#.∩.............................
.#...............................
©#..###########..###########..###
.#..#.........#..##.......##..#.#
##..#.##.##.#.#..#.#.....#.#..#..
#≈..#=.#..#...#..#..#...#..#..##.
##..#z.##.##..####$..#.#...####.#
#≈..#©..#©z#.z#Y@#9...#©..9#©©#©.
##..#.#.##z##z####...#.#...####.#
#≈..#[#.z#.z#z#..#..#...#..#..##.
##..#z##z##z#z#..#.#.....#.#..#..
#§..#zzz..zzzz#..##.......##..#)#
##..###########..###########..###
#≈...........................§...
##......§........................
##≈#≈#≈#§#§#§#§#≈#≈#§#≈#≈#≈#≈#≈#


You could see a catoblepas (combustible), a gargoyle and 12 flying skulls.

Vanquished Creatures
  A two-headed ogre (D:12)
  A tengu warrior (D:12)
  Amaemon (D:9)
  Pikel (D:9)
  An orc knight (Bailey)
  2 ugly things (D:12)
  2 cyclopes
  A torpor snail (Gauntlet)
  Maggie (D:6)
  An orange demon (D:9)
  3 unseen horrors
  2 cane toads (Lair:1)
  4 kobold demonologists
  A tengu conjurer (D:12)
  2 rime drakes (Lair:1)
  2 komodo dragons (Lair:1)
  A troll (D:10)
  8 blink frogs (Lair:2)
  Sigmund (D:3)
  3 shadows
  2 wraiths
  A vampire (D:10)
  9 yaks
  A basilisk (Lair:1)
  Grum (D:8)
  A steam dragon (D:9)
  Menkaure (D:5)
  An acid dragon (D:12)
  Edmund (D:6)
  8 water moccasins
  14 orc warriors
  4 black bears
  3 ice beasts (D:6)
  An ogre (D:6)
  10 wolves
  5 centaurs
  9 kobold brigands
  8 bullfrogs
  2 scorpions
  A necrophage (D:7)
  3 wights (D:10)
  18 killer bees
  3 howler monkeys
  Crazy Yiuf (D:7)
  3 gnoll boudas
  2 hounds
  4 orc priests
  Ijyb (D:4)
  14 orc wizards
  A hound skeleton (D:7)
  16 gnolls
  9 adders
  2 white imps
  An ufetubus (D:5)
  A worm (D:2)
  3 dart slugs
  52 orcs
  7 endoplasms
  4 giant cockroaches
  15 goblins
  11 hobgoblins
  6 jackals
  2 quokkas
  10 ball pythons
  3 bats
  5 frilled lizards
  25 kobolds
  4 rats
348 creatures vanquished.

Vanquished Creatures (collateral kills)
  8 foxfires
8 creatures vanquished.

Vanquished Creatures (others)
  A killer bee (D:9)
  3 demonic plants (Gauntlet)
  2010 foxfires
  53 fungi
  86 plants
  8 withered plants (D:2)
2161 creatures vanquished.

Grand Total: 2517 creatures vanquished

Notes
Turn   | Place    | Note
-------+----------+-------------------------------------------
     0 | D:1      | cforsyth the Tengu Fire Elementalist began the quest for
                  | the Orb.
     0 | D:1      | Reached XP level 1. HP: 10/10 MP: 4/4
   140 | D:1      | Found Olanwei's Book Boutique.
   147 | D:1      | Reached XP level 2. HP: 15/15 MP: 0/6
  1003 | D:2      | Reached XP level 3. HP: 4/19 MP: 0/7
  1473 | D:2      | Reached XP level 4. HP: 24/24 MP: 4/9
  1762 | D:2      | Found a faded altar of an unknown god.
  1920 | D:2      | Found Meetor Camu's Antique Weapon Shoppe.
  3288 | D:3      | Noticed Sigmund
  3318 | D:3      | Killed Sigmund
  3319 | D:3      | Reached skill level 5 in Fire Magic
  3319 | D:3      | Gained mutation: Your magical nature lets you fly swiftly
                  | and evasively. [Tengu growth]
  3319 | D:3      | Reached XP level 5. HP: 25/28 MP: 0/11
  3319 | D:3      | Reached XP level 6. HP: 29/32 MP: 0/12
  4250 | D:4      | Reached skill level 5 in Conjurations
  4422 | D:4      | Found a staircase to the Ecumenical Temple.
  4455 | Temple   | Entered the Ecumenical Temple
  4615 | Temple   | Became a worshipper of Vehumet
  5047 | D:4      | Noticed Ijyb
  5056 | D:4      | Killed Ijyb
  5674 | D:5      | Entered Level 5 of the Dungeon
  5691 | D:5      | Reached XP level 7. HP: 36/36 MP: 8/14
  5791 | D:4      | Learned a level 2 spell: Scorch
  5983 | D:5      | Found a hazy altar of Hepliaklqana.
  5988 | D:5      | Found a glowing silver altar of Zin.
  5989 | D:5      | Found an ornate altar of the Wu Jian Council.
  5990 | D:5      | Found a bloodstained altar of Trog.
  5992 | D:5      | Found a sacrificial altar of Ru.
  5994 | D:5      | Found a broken altar of Ashenzari.
  6067 | D:5      | Found Wisephub's Antique Armour Boutique.
  6075 | D:5      | Reached * piety under Vehumet
  6075 | D:5      | Offered knowledge of Sandblast by Vehumet.
  6084 | D:5      | Noticed Menkaure
  6567 | D:5      | Reached XP level 8. HP: 41/41 MP: 9/16
  6656 | D:5      | Bought a pair of glowing gloves for 202 gold pieces
  6702 | D:5      | Reached skill level 5 in Spellcasting
  6803 | D:5      | Found a snail-covered altar of Cheibriados.
  6832 | D:5      | Killed Menkaure
  7202 | D:6      | Reached skill level 1 in Fighting
  7333 | D:6      | Noticed Maggie
  7351 | D:6      | Killed Maggie
  7531 | D:6      | Reached XP level 9. HP: 49/49 MP: 11/18
  7649 | D:6      | Reached ** piety under Vehumet
  7649 | D:6      | Offered knowledge of Poisonous Vapours by Vehumet.
  7856 | D:6      | Noticed Edmund
  7866 | D:6      | Killed Edmund
  8203 | D:6      | Found Eloof's Magic Scroll Boutique.
  8776 | D:7      | Found a runed translucent door.
  8777 | D:7      | Noticed Crazy Yiuf
  8819 | D:7      | Killed Crazy Yiuf
  9108 | D:7      | Offered knowledge of Momentum Strike by Vehumet.
  9426 | D:7      | Found a burning altar of Makhleb.
  9500 | D:8      | Noticed a komodo dragon
  9677 | D:8      | Found a flagged portal.
  9695 | Bailey   | Entered a bailey
 10107 | Bailey   | Reached skill level 5 in Dodging
 10208 | Bailey   | Reached *** piety under Vehumet
 10507 | Bailey   | Reached XP level 10. HP: 50/57 MP: 14/21
 10712 | Bailey   | Found the +2 cloak of the Thief {*Fog Slay-2 SInv Stlth+}
 10712 | Bailey   | Noticed an orc knight
 11389 | Bailey   | Killed an orc knight
 11645 | D:8      | Noticed Grum
 12151 | D:7      | Reached skill level 5 in Fighting
 12151 | D:7      | Reached skill level 10 in Conjurations
 12303 | D:8      | Offered knowledge of Fulminant Prism by Vehumet.
 12529 | D:6      | You are sucked into a shaft and drop 2 floors!
 12571 | D:8      | Found a staircase to the Lair.
 13671 | D:8      | Killed Grum
 13825 | D:8      | Identified the +5 spear "Suisua" {speed, rElec rF- rC+ rN+}
 14365 | D:9      | Noticed Pikel
 14367 | D:9      | Reached XP level 11. HP: 59/64 MP: 9/23
 14390 | D:9      | Killed Pikel
 14908 | D:9      | Reached **** piety under Vehumet
 15325 | D:9      | Noticed a soul eater
 15707 | D:9      | Noticed a soul eater
 15904 | D:8      | Noticed a sun demon
 16090 | D:9      | Reached skill level 10 in Fire Magic
 16160 | D:9      | Offered knowledge of Mephitic Cloud by Vehumet.
 16414 | D:9      | Noticed Amaemon
 16616 | D:9      | Killed Amaemon
 16829 | D:10     | Entered Level 10 of the Dungeon
 16868 | D:10     | Learned a level 4 spell: Iskenderun's Mystic Blast
 16900 | D:10     | Noticed a cyclops
 16909 | D:10     | Killed a cyclops
 17143 | D:10     | Found a staircase to the Orcish Mines.
 17735 | D:11     | Found a white marble altar of Elyvilon.
 18307 | D:12     | Noticed a cyclops
 18313 | D:12     | Killed a cyclops
 18314 | D:12     | Reached XP level 12. HP: 71/71 MP: 26/26
 18726 | D:12     | Noticed a two-headed ogre
 18734 | D:12     | Killed a two-headed ogre
 19019 | D:12     | Reached skill level 10 in Dodging
 19392 | D:12     | Noticed a tengu warrior
 19405 | D:12     | Killed a tengu warrior
 19406 | D:12     | Reached skill level 10 in Spellcasting
 19973 | Lair:1   | Entered Level 1 of the Lair of Beasts
 20262 | Lair:1   | Reached ***** piety under Vehumet
 20713 | Lair:1   | Offered knowledge of Lightning Bolt by Vehumet.
 20721 | Lair:1   | Learned a level 5 spell: Lightning Bolt
 20918 | Lair:1   | Reached skill level 1 in Air Magic
 21176 | Lair:2   | Found a gate leading to a gauntlet.
 21209 | Gauntlet | Entered a Gauntlet
 21209 | Gauntlet | Found a transporter.
 21209 | Gauntlet | Found a transporter.
 21321 | Gauntlet | Found a transporter.
 21324 | Gauntlet | Found a transporter.
 21334 | Gauntlet | Found a transporter.
 21335 | Gauntlet | Found a transporter.
 21339 | Gauntlet | Noticed a reaper
 21354 | Gauntlet | Found a transporter.
 21363 | Gauntlet | Found a transporter.
 21383 | Gauntlet | Found a transporter.
 21384 | Gauntlet | Found a transporter.
 21389 | Gauntlet | Noticed a catoblepas
 21395 | Gauntlet | Found a transporter.
 21397 | Gauntlet | Found a transporter.
 21716 | Gauntlet | Identified the ring "Ginibuj" {rPois rN+++ rCorr Int-2
                  | Dex+2}
 21747 | Gauntlet | Slain by a catoblepas

Illustrated notes

Levels and vault maps discovered:
D:1:      spicycebolla_arrival_transporter_tutorial, layout_rooms, serial_shops,
          nicolae_shop_temple_entry_statues_fountains,
          dreamdust_princess_bridge, palyth_stone_intersect
D:2:      layout_basic, shapermc_ecumenical_altar_flowoftime, serial_shops,
          nicolae_shop_advertising_works [nicolae_subvault_shop_adworks]
D:3:      layout_basic, kennysheep_generic_room_7, uniq_sigmund
D:4:      kennysheep_goblin_castle, layout_basic, temple_pool_b,
          saegor_snake_ambush
D:5:      layout_basic, slow_altar_1, minitemple, serial_shops, shop,
          uniq_menkaure
D:6:      layout_basic, serial_shops, kennysheep_mini_moat, uniq_edmund,
          uniq_maggie
D:7:      layout_basic, makhleb_blood_cavern_becter, uniq_crazy_yiuf_cottage
D:8:      layout_basic, due_lair_maze_entry_diamond, enter_bailey_5, uniq_grum
D:9:      layout_small_grid, uniq_pikel, uniq_amaemon
D:10:     layout_roguey, orc_0_dummy, st_stairs_14
D:11:     layout_roguey, elyvilon_altar_3
D:12:     layout_grid_maze, kennysheep_another_room
Temple:   minmay_temple_curvy_branch
Lair:1:   layout_chaotic_city, chequers_serial_rivers_large_b, lemuel_fruit_tree
Lair:2:   layout_regular_city, swamp_mist_pool, spider_nest_entry_a,
          gauntlet_entry_generic
Gauntlet: minmay_gauntlet_mixed_big_or_small
          [gammafunk_gauntlet_arena_arrow_garden,
          minmay_gauntlet_arena_77_museum, nicolae_gauntlet_arena_x,
          minmay_gauntlet_arena_77_double_cross, nicolae_gauntlet_arena_grate_2,
          minmay_gauntlet_arena_77_radiant_squares, gauntlet_exit_green]

Skill      XL: |  1  2  3  4  5  6  7  8  9 10 11 12 |
---------------+-------------------------------------+-----
Conjurations   | 2 3 4 5 6 8 9 10 11 | 11.4
Fire Magic     | 4 5 6 7 8 9 10 | 10.1
Spellcasting   | 3 4 5 6 7 9 11 | 11.0
Fighting       | 2 4 5 6 |  6.7
Dodging        | 3 5 6 9 11 | 11.0
Air Magic      | 4 |  4.6
Stealth        | |  2.0

Action                     |  1- 3 |  4- 6 |  7- 9 | 10-12 || total
---------------------------+-------+-------+-------+-------++-------
  Melee: Unarmed           |     8 |    47 |    26 |    43 ||   124
         Kick              |     3 |    32 |     9 |    12 ||    56
         Peck              |     2 |    15 |     4 |    10 ||    31
         Punch             |       |     2 |     1 |     1 ||     4
   Cast: Foxfire           |    74 |   187 |   325 |   514 ||  1100
         Scorch            |       |       |     5 |   247 ||   252
         Lightning Bolt    |       |       |       |     3 ||     3
  Evoke: Wand              |       |       |       |     5 ||     5
    Use: Scroll            |       |       |     5 |    20 ||    25
         Potion            |       |       |     1 |     3 ||     4
 Armour: Robe              |     8 |    23 |    38 |   109 ||   178
  Dodge: Dodged            |    17 |    44 |   142 |   421 ||   624
  Block: Buckler           |       |       |       |    21 ||    21

Table legend: (Time is in decaauts)
 A = Elapsed time spent in this place.
 B = Non-inter-level travel time spent in this place.
 C = Inter-level travel time spent in this place.
 D = Time resting spent in this place.
 E = Time spent auto-exploring this place.
 F = Levels seen in this place.
 G = Mean time per level.
                   A        B        C        D        E       F      G
               +--------+--------+--------+--------+--------+-----+--------+
         Total |  20931 |  20285 |    646 |   4101 |  12299 |  17 | 1231.2 |
       Dungeon |  17373 |  16767 |    606 |   3332 |  10526 |  12 | 1447.8 |
        Temple |    168 |    146 |     22 |      0 |    140 |   1 |  168.0 |
          Lair |   1169 |   1152 |     17 |      2 |    958 |   2 |  584.5 |
        Bailey |   1697 |   1697 |      0 |    605 |    458 |   1 | 1697.0 |
      Gauntlet |    522 |    522 |      0 |    161 |    215 |   1 |  522.0 |
               +--------+--------+--------+--------+--------+-----+--------+

Top non-repeatable levels by time:
     D:7: 2697 daAuts
     D:8: 2243 daAuts
  Bailey: 1697 daAuts
     D:4: 1680 daAuts
     D:2: 1568 daAuts
    D:12: 1482 daAuts
     D:9: 1477 daAuts
     D:3: 1400 daAuts
     D:6: 1360 daAuts
     D:5: 1183 daAuts
  Lair:1: 1109 daAuts
     D:1: 869 daAuts
    D:10: 741 daAuts
    D:11: 668 daAuts
Gauntlet: 522 daAuts
